 Dungeon Crawl Stone Soup version 0.19.0 (webtiles) character file.

173 nikopol the Chopper (level 5, 0/70 HPs)
             Began as a Hill Orc Berserker on Nov 1, 2016.
             Was a Believer of Trog.
             Succumbed to a worker ant's poison
             ... on level 3 of the Dungeon.
             The game lasted 00:04:44 (2246 turns).

nikopol the Chopper (Hill Orc Berserker)            Turns: 2246, Time: 00:04:45

Health: 0/70       AC:  5    Str: 25    XL:     5   Next: 53%
Magic:  5/5        EV: 12    Int:  7    God:    Trog [**....]
Gold:   158        SH:  0    Dex: 11    Spells: 0 memorised, 4 levels left

rFire  . . .     SeeInvis .     a - +0 hand axe
rCold  . . .     Gourm    .     i - +0 ring mail
rNeg   . . .     Faith    .     (no shield)
rPois  .         Spirit   .     (no helmet)
rElec  .         Reflect  .     (no cloak)
rCorr  .         Harm     .     (no gloves)
MR     .....                    (no boots)
Stlth  ..........               (no amulet)
                                (no ring)
                                h - ring of stealth

@: berserking (expiring), lethally poisoned (0 -> -12), very quick
A: no striking features
a: Berserk, Trog's Hand, Burn Spellbooks, Renounce Religion


You were on level 3 of the Dungeon.
You worshipped Trog.
Trog was pleased with you.
You were very hungry.

You visited 1 branch of the dungeon, and saw 3 of its levels.

You collected 158 gold pieces.

Inventory:

Hand Weapons
 a - a +0 hand axe (weapon)
Missiles
 d - 20 bolts
 l - 35 arrows
Armour
 b - a +0 animal skin
 i - a +0 ring mail (worn)
Jewellery
 h - a ring of stealth (left hand)
 v - an uncursed amulet of magic regeneration {unknown}
Scrolls
 e - 2 scrolls of amnesia {unknown}
 g - a scroll of enchant armour {unknown}
 k - a scroll of recharging {unknown}
 n - 2 scrolls of blinking {unknown}
 o - a scroll of identify {unknown}
 p - a scroll of fear {unknown}
 q - a scroll of noise {unknown}
 u - a scroll of magic mapping {unknown}
 w - 2 scrolls of remove curse {unknown}
 x - a scroll of teleportation {unknown}
Potions
 j - a potion of might {unknown}
 m - a potion of haste {unknown}
 s - 2 potions of curing {unknown}
 t - a potion of lignification {unknown}
Comestibles
 c - 4 bread rations
 f - 2 meat rations
 r - 5 chunks of flesh


   Skills:
 + Level 4.7 Fighting
 + Level 5.2 Axes
 + Level 3.4 Armour
 + Level 2.7 Dodging


You had 4 spell levels left.
You didn't know any spells.

Dungeon Overview and Level Annotations

Branches:
Dungeon (3/15)

Altars:


Message History

A red film seems to cover your vision as you go berserk!
You feel yourself moving faster!
You feel mighty!
You are feeling very hungry.
* * * LOW HITPOINT WARNING * * *
You feel sick. The worker ant bites you.
* * * LOW HITPOINT WARNING * * *
You slash the worker ant!
You kill the worker ant!
Trog accepts your kill.
* * * LOW HITPOINT WARNING * * *
You feel sick.
* * * LOW HITPOINT WARNING * * *
You feel sick.
You see here a worker ant corpse.
You butcher the worker ant corpse.
You feel a strong urge to attack something.
* * * LOW HITPOINT WARNING * * *
You feel sick.
You see here 2 chunks of flesh.
You die...

#...#
#.#####.#######.#.
#...#
#.#...........#.#.
#...#
#.#.###.....#.#.#.
#...#
#.#.####.####.#.#
#####
#.#...........#.#
#.#.....####..#.#
#.##.#........#.#
#.##.#.#####..#.#
#@##.#........#.#
#%##.##########.#
#.##..........(.#
#.###############
#.# ..# ###


There were no monsters in sight!

Vanquished Creatures
  Natasha (thrice) (D:2)
  A worker ant (D:3)
  An adder (D:2)
  An ooze (D:1)
  3 giant cockroaches
  7 goblins
  12 hobgoblins
  8 jackals
  5 kobolds
  A ball python (D:1)
  6 bats
  3 frilled lizards
  6 rats
57 creatures vanquished.

Notes
Turn   | Place    | Note
-------+----------+-------------------------------------------
     0 | D:1      | nikopol the Hill Orc Berserker began the quest for the Orb.
     0 | D:1      | Reached XP level 1. HP: 19/19 MP: 1/1
    60 | D:1      | Reached XP level 2. HP: 27/27 MP: 2/2
   418 | D:1      | Reached XP level 3. HP: 32/33 MP: 3/3
   672 | D:1      | Reached ** piety under Trog
   798 | D:2      | Noticed Natasha
   804 | D:2      | Killed Natasha
   804 | D:2      | Reached XP level 4. HP: 40/40 MP: 4/4
   875 | D:2      | Noticed Natasha
   889 | D:2      | Killed Natasha
   905 | D:2      | Noticed Natasha
  1172 | D:2      | Killed Natasha
  1173 | D:2      | Reached XP level 5. HP: 32/47 MP: 5/5
  1617 | D:2      | Reached skill level 5 in Axes
  2243 | D:3      | HP: 3/70 [poisoned by a worker ant]
  2245 | D:3      | HP: 1/70 [poisoned by a worker ant]
  2246 | D:3      | Succumbed to a worker ant's poison

Skill      XL: |  1  2  3  4  5 |
---------------+----------------+-----
Dodging        | 2 |  2.7
Fighting       | 4 |  4.7
Armour         | 3 |  3.4
Axes           | 5 |  5.2

Action                   |  1- 3 |  4- 6 || total
-------------------------+-------+-------++-------
Melee: Hand axe          |    84 |   116 ||   200
Invok: Berserk           |     1 |     3 ||     4
 Stab: Sleeping          |     4 |     3 ||     7
  Eat: Chunk             |       |     7 ||     7
Armor: Ring mail         |    25 |    64 ||    89
       Animal skin       |     1 |       ||     1
Dodge: Dodged            |    59 |    83 ||   142
